 Dungeon Sprint DCSS version 0.21-a0-426-g98080a9 (webtiles) character file.

1815 minicreteconcrete the Severer (level 8, -3/89 HPs)
             Began as a Minotaur Berserker on Nov 6, 2017.
             Was an Elder of Trog.
             Killed from afar by an ice dragon (49 damage)
             ... with a blast of cold
             ... in the Dungeon (Sprint II: "The Violet Keep of Menkaure").
             The game lasted 00:05:45 (836 turns).

minicreteconcrete the Severer (Minotaur Berserker)   Turns: 836, Time: 00:05:46

Health: -3/89      AC:  8    Str: 22    XL:     8   Next: 85%
Magic:  7/7        EV: 15    Int:  8    God:    Trog [****..]
Gold:   87         SH:  0    Dex: 20    Spells: 7/7 levels left

rFire    . . .     SeeInvis .   a - +0 hand axe
rCold    x . .     Gourm    .   (no shield)
rNeg     . . .     Faith    +   l - +0 scale mail "Toahyl" {rC- Int+4 Dex+8}
rPois    .         Spirit   .   (helmet restricted)
rElec    .         Reflect  .   (no cloak)
rCorr    .         Harm     .   (no gloves)
MR       .....     NoTele   +   (no boots)
Stlth    ..........             m - amulet of faith
HPRegen  0.24/turn              (no ring)
MPRegen  0.10/turn              (no ring)

@: berserk cooldown, slowed, very slow
A: retaliatory headbutt, horns 2
a: Berserk, Trog's Hand, Brothers in Arms, Burn Spellbooks, Renounce Religion


You were in the Dungeon.
You worshipped Trog.
Trog was greatly pleased with you.
You were very hungry.

You visited 1 branch You collected 810 gold pieces.
You spent 723 gold pieces at shops.

Inventory:

Hand Weapons
 a - a +0 hand axe (weapon)
 k - a +0 spear
 n - a +0 arbalest
Missiles
 o - 31 bolts
Armour
 b - a +0 animal skin
 l - the +0 scale mail "Toahyl" (worn) {rC- Int+4 Dex+8}
   (You bought it in a shop in the Dungeon)

   It affects your intelligence (+4).
   It affects your dexterity (+8).
   It makes you vulnerable to cold.
Jewellery
 m - an amulet of faith (around neck)
Scrolls
 i - a scroll of blinking
Potions
 d - a potion of curing
 f - a potion of haste
 g - 2 potions of magic
 h - a potion of berserk rage
Comestibles
 c - a bread ration
 j - 2 chunks of flesh


   Skills:
 + Level 14.0 Fighting
 + Level 15.4 Axes
 + Level 8.1 Armour
 + Level 7.0 Dodging
 + Level 0.3 Stealth


You had 7 spell levels left.
You didn't know any spells.

Dungeon Overview and Level Annotations

Branches:
Dungeon (1/1)

Altars:
Dithmenos
Elyvilon
Fedhas
Gozag
Kikubaaqudgha
Makhleb
Nemelex Xobeh
Okawaru
Qazlal
Ru
Sif Muna
Trog
Uskayaw
Vehumet
Wu Jian
Xom
Yredelemnul
Zin
The Shining One
Jiyva
Lugonu

Shops:
D :==?[[}?%}!(([:!

Annotations:
D exclusions: obsidian statue and oklob plant


Innate Abilities, Weirdness & Mutations

You reflexively headbutt those who attack you in melee.
You have a pair of horns on your head.


Message History

You swing at nothing.
You feel a strong urge to attack something.
Unknown command.
You swing at nothing.
Unknown command.
You swing at nothing.
You feel your anger nearly subside.
The walls and floor vibrate strangely for a moment.
You are no longer berserk.
You are exhausted.
You feel yourself slow down.
Unknown command.
You swing at nothing.
Unknown command.
You slash the ice dragon!
The ice dragon is lightly wounded.
The ice dragon breathes frost at you. The blast of cold hits you!
You feel a terrible chill!
Ouch! That really hurt!
You die...

≈≈≈§≈ §≈§ #+++## ..
.....# .. '##..# #.
#.##.#### +.###
##.#....# ...####
#.####..#####..##.#
'## .##..#!.'..#@.#
.##w..#..# #.^#D.#
<.+# +..####..##†#
.##w..#....###OD÷##▓▓▓
'#
.##......≈≈≈≈≈≈≈≈≈≈≈
.# #≈§..§..≈#+########
##
#≈≈≈≈§≈≈.§≈#..._._._#
#
#≈≈≈≈§≈§§.≈#_._._._.#
+
#≈≈≈≈≈§≈≈≈≈≈#._._._._#


You could see an ice dragon.

Vanquished Creatures
  A merfolk siren (D)
  A yaktaur (D)
  A hornet (D)
  3 polar bears (D)
  2 hippogriffs (D)
  A crocodile (D)
  2 worms (D)
11 creatures vanquished.

Vanquished Creatures (others)
  Menkaure (D)
  A crocodile (D)
2 creatures vanquished.

Grand Total: 13 creatures vanquished

Notes
Turn   | Place    | Note
-------+----------+-------------------------------------------
     0 | D        | minicreteconcrete the Minotaur Berserker began the quest for the Orb.
     0 | D        | Reached XP level 1. HP: 19/19 MP: 0/0
     1 | D        | Noticed a hippogriff
     1 | D        | Noticed a hippogriff
     4 | D        | Noticed a tyrant leech
     4 | D        | Noticed a tyrant leech
    12 | D        | Reached skill level 4 in Axes
    18 | D        | Killed Menkaure
    51 | D        | Killed a crocodile
   194 | D        | Noticed a merfolk siren
   207 | D        | Killed a merfolk siren
   207 | D        | Reached ** piety under Trog
   207 | D        | Reached skill level 10 in Fighting
   207 | D        | Reached skill level 11 in Axes
   207 | D        | Reached skill level 5 in Armour
   207 | D        | Reached XP level 2. HP: 27/38 MP: 1/1
   207 | D        | Reached XP level 3. HP: 32/45 MP: 2/2
   207 | D        | Reached XP level 4. HP: 37/51 MP: 3/3
   207 | D        | Reached XP level 5. HP: 42/58 MP: 4/4
   207 | D        | Reached XP level 6. HP: 48/66 MP: 5/5
   364 | D        | Killed a hippogriff
   364 | D        | Reached skill level 12 in Axes
   364 | D        | Reached skill level 5 in Dodging
   364 | D        | Reached XP level 7. HP: 74/74 MP: 6/6
   370 | D        | Killed a hippogriff
   370 | D        | Reached *** piety under Trog
   370 | D        | Reached skill level 13 in Axes
   443 | D        | Noticed an obsidian statue
   490 | D        | Found a glowing golden altar of the Shining One.
   490 | D        | Found an ornate altar of the Wu Jian Council.
   492 | D        | Found a shimmering altar of Xom.
   492 | D        | Found a sacrificial altar of Ru.
   492 | D        | Found a stormy altar of Qazlal.
   493 | D        | Found a basalt altar of Yredelemnul.
   493 | D        | Found a deep blue altar of Sif Muna.
   494 | D        | Found a bloodstained altar of Trog.
   494 | D        | Found an ancient bone altar of Kikubaaqudgha.
   494 | D        | Found a viscous altar of Jiyva.
   494 | D        | Found a glowing silver altar of Zin.
   495 | D        | Found a hide-covered altar of Uskayaw.
   495 | D        | Found a corrupted altar of Lugonu.
   495 | D        | Found a shadowy altar of Dithmenos.
   603 | D        | Found Icivian's Distillery.
   604 | D        | Found Vibaleh's Antique Armour Shoppe.
   604 | D        | Found Diluroir's Book Emporium.
   605 | D        | Found Pouq's Antique Weapon Shoppe.
   605 | D        | Found Qefaum's Distillery.
   605 | D        | Found Tecuel's Weapon Shoppe.
   606 | D        | Found Oreocucet's Magic Scroll Shoppe.
   606 | D        | Found Unatugga's Gadget Emporium.
   606 | D        | Found Uniojaq's Food Emporium.
   606 | D        | Found Kerrudi's Gadget Shoppe.
   607 | D        | Found Quggaim's Antique Armour Shoppe.
   607 | D        | Found Uninoal's Magic Scroll Emporium.
   607 | D        | Found Vuqacrut's Armour Emporium.
   608 | D        | Found Yleyx's Jewellery Shoppe.
   608 | D        | Found Isaaxt's Jewellery Emporium.
   612 | D        | Noticed an oklob plant
   613 | D        | Found Paeddaca's Book Shoppe.
   615 | D        | Noticed a spiny frog
   616 | D        | Noticed a spiny frog
   620 | D        | Noticed a hippogriff
   621 | D        | Noticed a hippogriff
   621 | D        | Noticed a hippogriff
   638 | D        | Bought a faintly humming scale mail for 243 gold pieces
   648 | D        | Identified the +0 scale mail "Toahyl" {rC- Int+4 Dex+8} (You bought it in a shop in the Dungeon)
   672 | D        | Bought an uncursed amulet of faith for 480 gold pieces
   709 | D        | Found a radiant altar of Vehumet.
   709 | D        | Found a burning altar of Makhleb.
   709 | D        | Found a white marble altar of Elyvilon.
   710 | D        | Found a sparkling altar of Nemelex Xobeh.
   710 | D        | Found a blossoming altar of Fedhas.
   711 | D        | Found an iron altar of Okawaru.
   711 | D        | Found an opulent altar of Gozag.
   714 | D        | Noticed a yaktaur
   714 | D        | Noticed a hornet
   714 | D        | Noticed a polar bear
   715 | D        | Noticed a polar bear
   716 | D        | Noticed a polar bear
   720 | D        | Killed a polar bear
   723 | D        | Killed a polar bear
   723 | D        | Reached skill level 14 in Axes
   723 | D        | Reached XP level 8. HP: 86/86 MP: 7/7
   729 | D        | Killed a polar bear
   729 | D        | Reached **** piety under Trog
   733 | D        | Killed a yaktaur
   733 | D        | Reached skill level 15 in Axes
   741 | D        | Killed a hornet
   822 | D        | Noticed an ice dragon
   836 | D        | Killed from afar by an ice dragon

Vault maps used:
D:        the_violet_keep_of_menkaure

Skill      XL: |  1  2  3  4  5  6  7  8 |
---------------+-------------------------+-----
Fighting       | 10 11 13 14 | 14.0
Axes           | 11 12 14 15 | 15.4
Armour         | 5 6 7 8 |  8.1
Dodging        | 4 5 6 7 |  7.0
Stealth        | |  0.3

Action                   |  1- 3 |  4- 6 |  7- 9 || total
-------------------------+-------+-------+-------++-------
Melee: Hand axe          |    11 |     4 |    34 ||    49
       Headbutt          |     2 |     1 |    11 ||    14
Invok: Berserk           |     2 |     1 |     3 ||     6
       Trog's Hand       |       |       |     1 ||     1
       Brothers in Arms  |       |       |     1 ||     1
  Use: Potion            |       |       |     1 ||     1
  Eat: Chunk             |       |       |     5 ||     5
Armor: Animal skin       |       |     1 |       ||     1
       Scale mail        |       |       |     4 ||     4
Dodge: Dodged            |     3 |     3 |    16 ||    22

Table legend:
 A = Spawn XP
 B = Non-spawn XP
 C = Spawn XP percentage of total XP
 D = Spawn monster count
 E = Non-spawn monster count
 F = Spawn count percentage of total count
 G = Total turns spent on level
                    A         B        C        D         E        F      G
               +---------+---------+-------+---------+---------+-------+---------
         Total |       0 |    2594 |   0.0 |       0 |      11 |   0.0 |   836
               +---------+---------+-------+---------+---------+-------+---------
             D |       0 |    2594 |   0.0 |       0 |      11 |   0.0 |   836
               +---------+---------+-------+---------+---------+-------+---------
